 Dungeon Crawl Stone Soup version 0.18-a0-1105-ge9caa06 (console) character file.

1339 FIQ the Cleaver (level 8, -1/70 HPs)
             Began as a Hill Orc Fighter on Jan 16, 2016.
             Was an Initiate of Beogh.
             Hit by a javelin of returning thrown by a centaur (2 damage)
             ... in a bailey.
             The game lasted 00:13:11 (2742 turns).

FIQ the Cleaver (Hill Orc Fighter)                  Turns: 2742, Time: 00:13:13

Health: -1/70      AC: 17    Str: 22    XL:     8   Next: 61%
Magic:  8/8        EV:  8    Int:  8    God:    Beogh [......]
Gold:   215        SH: 10    Dex: 12    Spells: 0 memorised, 7 levels left

rFire  + . .     SeeInvis .     a - +0 war axe
rCold  . . .     Gourm    .     q - +4 scale mail
rNeg   . . .     Faith    .     c - +0 shield
rPois  .         Spirit   .     (no helmet)
rElec  .         Dismiss  .     (no cloak)
rCorr  +         Reflect  .     (no gloves)
SustAt .         Harm     .     (no boots)
MR     .....     Rnd*Rage +     (no amulet)
Stlth  ..........               s - ring of protection from fire
                                h - ring of resist corrosion

@: mighty, very slightly contaminated, hasted, very quick, not resistant to
hostile enchantments, extremely unstealthy
A: iridescent scales 2, berserk 1, slow regeneration 1, weak 1
a: Renounce Religion


You were in a bailey.
You worshipped Beogh.
Beogh was noncommittal.
You were not hungry.

You visited 1 branch of the dungeon, and saw 7 of its levels.
You also visited: Sewer, Ossuary and Bailey.

You collected 215 gold pieces.

Inventory:

Hand Weapons
 a - a +0 war axe (weapon)
Armour
 c - a +0 shield (worn)
 q - a +4 scale mail (worn)
Jewellery
 h - a ring of resist corrosion (left hand)
 p - an uncursed ring of ice
 s - a ring of protection from fire (right hand)
Wands
 o - a wand of paralysis (13/24)
 v - a wand of slowing (19/48)
Scrolls
 b - 3 scrolls of identify
 j - 4 scrolls of remove curse
 n - 2 scrolls of immolation {unknown}
Potions
 e - 2 potions of brilliance
 i - 3 potions of curing
Comestibles
 f - 5 bread rations
 r - a slice of pizza


   Skills:
 + Level 6.2 Fighting
 * Level 9.1 Axes
 + Level 6.1 Armour
 + Level 5.8 Shields


You had 7 spell levels left.
You didn't know any spells.

Dungeon Overview and Level Annotations

Branches:
Dungeon (7/15)
 Temple: D:4-7

Altars:
Kikubaaqudgha
Okawaru
Ru

Annotations:
D:7 Joseph, Prince Ribbit


Innate Abilities, Weirdness & Mutations

You are mostly covered in iridescent scales (AC +6).
You tend to lose your temper in combat.
You regenerate slowly when monsters are visible.
You are weak. (Str -2)


Message History

* * * LOW HITPOINT WARNING * * *
You block the orc's attack.
The centaur throws a javelin of returning.
The javelin of returning barely misses you.
The weapon returns to the centaur!
You block the orc's attack.
The orc warrior hits you but does no damage.
You block the orc's attack.
The centaur hits you from afar with a halberd!
Beogh protects you from harm! The orc barely misses you.
Things that are here:
a spear; a ring mail; an orc corpse Unknown command.
You slash the orc warrior!
The orc warrior is heavily wounded.
You hit the orc.
The orc is almost dead.
The centaur throws a javelin of returning.
The javelin of returning hits you.
You die...

##≈≈≈≈≈≈≈≈.o..
#≈≈≈≈≈≈≈..≈≈≈≈
#≈≈≈≈≈.o≈≈≈...
#≈≈≈≈.≈≈≈.....
#≈≈≈≈.≈.......
#≈≈≈.≈≈.⌠.....
#≈≈≈.≈........
#≈≈.≈≈(.o.≈≈≈≈
#≈≈.≈...≈≈≈≈≈≈
#≈≈c≈.@≈≈≈≈≈≈≈
#≈≈.c.oo≈≈≈≈}?
#≈≈.≈o.≈≈≈≈≈≈≈
#≈≈.≈...≈≈≈≈≈≈
#≈≈.≈≈....≈≈≈≈
#≈≈≈.≈........
#≈≈≈.≈≈.⌠.....
#≈≈≈≈.≈.......


You could see 2 orc warriors, 2 centaurs and 3 orcs.

Vanquished Creatures
  A hippogriff (D:5)
  An orc warrior (D:5)
  Purgy (Sewer)
  An ice beast (D:7)
  A phantom (D:5)
  A centaur (D:7)
  A water moccasin zombie (D:7)
  8 scorpions
  2 centaur zombies (Ossuary)
  A hound (D:5)
  An orc wizard (D:7)
  A human zombie (Ossuary)
  3 worker ants (D:5)
  3 mummies (Ossuary)
  A worker ant zombie (D:5)
  3 adders
  2 scorpion zombies (Ossuary)
  An ooze (D:2)
  An adder skeleton (D:4)
  A giant gecko (D:6)
  5 orcs
  7 bats
  2 giant cockroaches
  6 gnoll zombies (Ossuary)
  A hobgoblin (D:2)
  9 jackals
  2 kobolds
  A quokka (D:3)
  A ball python (D:3)
  A giant gecko zombie (D:5)
  A giant newt (D:5)
  2 goblins (D:1)
  A goblin zombie (Ossuary)
  2 hobgoblin zombies (Ossuary)
  5 kobold zombies (Ossuary)
  An orc zombie (Ossuary)
  4 rats
86 creatures vanquished.

Vanquished Creatures (others)
  An orc warrior (D:7)
  2 orc priests (D:7)
  2 orc wizards (D:7)
  3 orcs (D:7)
8 creatures vanquished.

Grand Total: 94 creatures vanquished

Notes
Turn   | Place    | Note
--------------------------------------------------------------
     0 | D:1      | FIQ the Hill Orc Fighter began the quest for the Orb.
     0 | D:1      | Reached XP level 1. HP: 19/19 MP: 1/1
   214 | D:2      | Reached XP level 2. HP: 27/27 MP: 2/2
   234 | D:2      | Reached XP level 3. HP: 28/33 MP: 3/3
   278 | D:3      | Found a faded altar to an unknown god.
   451 | D:5      | Entered Level 5 of the Dungeon
   458 | D:5      | Reached skill level 4 in Fighting
   458 | D:5      | Reached XP level 4. HP: 32/40 MP: 4/4
   593 | D:5      | Found a glowing drain.
   598 | Sewer    | Entered a sewer
   659 | Sewer    | Noticed Purgy
   670 | Sewer    | Killed Purgy
   670 | Sewer    | Reached skill level 5 in Axes
   670 | Sewer    | Reached XP level 5. HP: 43/47 MP: 5/5
   854 | D:5      | Reached XP level 6. HP: 36/53 MP: 6/6
  1091 | D:5      | Noticed a phantom
  1113 | D:5      | Killed a phantom
  1142 | D:5      | Reached skill level 5 in Fighting
  1142 | D:5      | Reached skill level 6 in Axes
  1201 | D:5      | Noticed a hippogriff
  1209 | D:5      | Killed a hippogriff
  1209 | D:5      | Reached XP level 7. HP: 28/61 MP: 7/7
  1386 | D:5      | Reached skill level 5 in Armour
  1401 | D:5      | Reached skill level 5 in Shields
  1744 | D:5      | Reached skill level 7 in Axes
  1792 | D:5      | Found a sacrificial altar of Ru.
  1792 | D:5      | Found an iron altar of Okawaru.
  1797 | D:5      | Found an ancient bone altar of Kikubaaqudgha.
  1846 | D:6      | Found a sand-covered staircase.
  1855 | Ossuary  | Entered an ossuary
  2126 | Ossuary  | Gained mutation: You are partially covered in iridescent scales (AC +4). [potion of mutation]
  2126 | Ossuary  | Gained mutation: You are mostly covered in iridescent scales (AC +6). [potion of mutation]
  2126 | Ossuary  | Gained mutation: You are weak. (Str -2) [potion of mutation]
  2132 | Ossuary  | Reached XP level 8. HP: 69/69 MP: 8/8
  2133 | Ossuary  | Reached skill level 8 in Axes
  2217 | Ossuary  | Gained mutation: You regenerate slowly when monsters are visible. [potion of mutation]
  2217 | Ossuary  | Gained mutation: You tend to lose your temper in combat. [potion of mutation]
  2594 | D:7      | Became a worshipper of Beogh the Brigand
  2600 | D:7      | Found a flagged portal.
  2653 | D:7      | Reached skill level 9 in Axes
  2678 | D:7      | Noticed Joseph
  2685 | D:7      | Noticed Prince Ribbit
  2723 | Bailey   | Entered a bailey
  2740 | Bailey   | HP: 1/70 [centaur/halberd (4)]
  2741 | Bailey   | Beogh protects you from harm!
  2742 | Bailey   | Hit by a javelin of returning thrown by a centaur

Vault maps used:
D:1:      shiori_arrival_oz
D:2:      serial_curves, eino_curves_03, eino_curves_02
D:3:      ecumenical_altar_2, uniq_jessica
D:4:      grunt_temple_overflow_order_and_chaos_1, marbit_many_paths,
          minmay_temple_entry_glassed_door, minmay_misc_feat_tiny
D:5:      lemuel_round_altar, grunt_temple_overflow_open,
          lightli_sewer_entry_pipes, first_bread
D:6:      nicolae_ossuary_entry_monument, kennysheep_boxes
D:7:      enter_bailey_8, serial_shops, shop, uniq_prince_ribbit1, uniq_joseph
Sewer:    sewer_big_baddie
Ossuary:  ossuary_minmay_scorpions
Bailey:   bailey_polearm_flooded_kennysheep, bailey

Action                   |  1- 3 |  4- 6 |  7- 9 || total
-------------------------+-------+-------+-------++-------
Melee: War axe           |    65 |   104 |   194 ||   363
Invok: Convert to Beogh  |       |       |     1 ||     1
  Use: Scroll            |     2 |     2 |     3 ||     7
       Potion            |       |     1 |    14 ||    15
  Eat: Chunk             |       |     1 |     4 ||     5
       Meat ration       |       |       |     1 ||     1
